 Dungeon Crawl Stone Soup version 0.24-a0-350-g5b3daab8ba (webtiles) character file.

Game seed: 16732676798115281883

13313 Lanoc the Cleaver (level 11, -11/97 HPs)
             Began as a White Draconian Gladiator on May 23, 2019.
             Was an Elder of Uskayaw.
             Mangled by a cyclops (17 damage)
             ... on level 12 of the Dungeon.
             The game lasted 00:21:37 (11627 turns).

Lanoc the Cleaver (White Draconian Gladiator)      Turns: 11627, Time: 00:21:38

Health: -11/97     AC: 10    Str: 23    XL:     11   Next: 73%
Magic:  35/35      EV: 19    Int:  8    God:    Uskayaw [****..]
Gold:   685        SH:  6    Dex: 21    Spells: 10/10 levels left

rFire    . . .     SeeInvis .   b - +9 spear of Honour {drain, MP+9 Dex+5}
rCold    + . .     Gourm    .   w - +0 buckler
rNeg     . . .     Faith    .   (armour unavailable)
rPois    .         Spirit   .   s - +1 hat
rElec    .         Reflect  .   h - +0 cloak
rCorr    .         Harm     .   A - +0 pair of gloves
MR       .....                  (no boots)
Stlth    ++........             (no amulet)
HPRegen  0.26/turn              l - ring of magical power
MPRegen  0.24/turn              D - +4 ring of strength

@: no status effects
A: breathe frost, unfitting armour, cold resistance 1, strong 1, cold-blooded,
MP-powered wands, AC +7
a: Breathe Frost, Stomp, Line Pass, Renounce Religion


You were on level 12 of the Dungeon.
You worshipped Uskayaw.
Uskayaw was aware of your devotion.
You were very hungry.

You visited 2 branches of the dungeon, and saw 13 of its levels.

You collected 735 gold pieces.
You spent 50 gold pieces at shops.

Inventory:

Hand Weapons
 a - a +0 war axe
 b - the +9 spear of Honour (weapon) {drain, MP+9 Dex+5}
   (You took it off a spriggan on level 9 of the Dungeon)

   A truly terrible weapon, it drains the life of those it strikes.
   It affects your dexterity (+5).
   It affects your magic capacity (+9).
Missiles
 c - 2 throwing nets (quivered)
 v - 8 datura-tipped darts
Armour
 h - a +0 cloak (worn)
 s - a +1 hat (worn)
 w - a +0 buckler (worn)
 A - a +0 pair of gloves (worn)
Jewellery
 l - a ring of magical power (left hand)
 r - an uncursed ring of flight
 D - a +4 ring of strength (right hand)
Wands
 i - a wand of scattershot (5)
 k - a wand of random effects (38)
 u - a wand of acid (2)
 z - a wand of disintegration (16)
 B - a wand of iceblast (3)
Scrolls
 f - a scroll of fog {unknown}
 g - 2 scrolls of teleportation
 j - 8 scrolls of remove curse
 m - a scroll of blinking {unknown}
 p - 13 scrolls of identify
 q - 5 scrolls of amnesia {unknown}
 t - 2 scrolls of magic mapping {unknown}
 x - 2 scrolls of fear {unknown}
 y - 2 scrolls of enchant weapon {unknown}
 F - 2 scrolls of enchant armour {unknown}
 H - 2 scrolls of noise {unknown}
Potions
 e - a potion of lignification
 n - 2 potions of flight
 o - a potion of brilliance
Comestibles
 d - 22 rations


   Skills:
 + Level 9.6 Fighting
 * Level 12.2 Axes
 - Level 1.7 Throwing
 + Level 8.3 Dodging
 - Level 4.0 Shields
 + Level 8.1 Invocations


You had 10 spell levels left.
You didn't know any spells.
Your spell library contained the following spells:

 Spells                   Type           Power        Failure   Level  Hunger
 Confusing Touch          Hex            #.....       41%         1    ##.....
 Infusion                 Chrm           #...         41%         1    ##.....
 Magic Dart               Conj           #...         41%         1    ##.....
 Shock                    Conj/Air       #...         41%         1    ##.....
 Blink                    Tloc           N/A          54%         2    ###....
 Call Imp                 Summ           #.......     54%         2    ###....
 Shroud of Golubria       Chrm/Tloc      #.........   54%         2    ###....
 Slow                     Hex            #.......     54%         2    ###....
 Song of Slaying          Chrm           #.......     54%         2    ###....
 Swiftness                Chrm/Air       #.......     54%         2    ###....
 Confuse                  Hex            #.......     78%         3    ####...
 Conjure Flame            Conj/Fire      #.......     78%         3    ####...
 Gell's Gravitas          Tloc           #.........   78%         3    ####...
 Mephitic Cloud           Conj/Pois/Air  #.......     78%         3    ####...
 Regeneration             Chrm/Necr      #.........   78%         3    ####...
 Spectral Weapon          Hex/Chrm       #.......     78%         3    ####...
 Static Discharge         Conj/Air       #.......     78%         3    ####...
 Airstrike                Air            #.........   99%         4    #####..
 Cause Fear               Hex            #.........   99%         4    #####..
 Petrify                  Tmut/Erth      #.......     99%         4    #####..
 Lightning Bolt           Conj/Air       #.........   100%        5    ######.
 Metabolic Englaciation   Hex/Ice        #.........   100%        5    ######.
 Silence                  Hex/Air        #.........   100%        5    ######.
 Yara's Violent Unravell  Hex/Tmut       #.........   100%        5    ######.
 Deflect Missiles         Chrm/Air       #.........   100%        6    #######
 Discord                  Hex            #.........   100%        8    #######


Dungeon Overview and Level Annotations

Branches:
Dungeon (12/15)            Temple (1/1) D:4            Lair (0/6) D:11
    Orc: D:9-12

Altars:
Ashenzari
Cheibriados
Dithmenos
Elyvilon
Fedhas
Gozag
Hepliaklqana
Kikubaaqudgha
Makhleb
Nemelex Xobeh
Okawaru
Qazlal
Ru
Sif Muna
Trog
Uskayaw
Vehumet
Wu Jian
Xom
Yredelemnul
Zin
The Shining One

Shops:
D:9 *

Annotations:
D:6 3 runed translucent doors, Amnesiac's ghost, novice HuWn; Borbor's ghost, novice MiBe; Ohm's ghost, novice CeAM; PeterLawrence's ghost, novice MiFi
D:9 Yorgos's ghost, novice DsAK


Innate Abilities, Weirdness & Mutations

You can breathe waves of freezing cold.
You can buffet flying creatures when you breathe cold.
Your icy white scales are hard. (AC +7)
You cannot fit into any form of body armour.
Your flesh is cold resistant. (rC+)
You are cold-blooded and may be slowed by cold attacks.
Your muscles are strong. (Str +2)
You expend magic power (3 MP) to strengthen your wands.


Message History

You kill the shadow imp!
The cyclops throws a large rock.
The large rock hits you!!
Things that are here:
a +0 giant club x2
You hit the cyclops. You drain the cyclops.
The cyclops is lightly wounded.
The cyclops hits you!!
* * * LOW HITPOINT WARNING * * *
Uskayaw will force your foes to share their pain.
You hit the cyclops.
The cyclops is lightly wounded.
Throwing (i - inventory. (/) - cycle)
c - 2 throwing nets (quivered)
Press: ? - help, Shift-Dir - straight line, f - cyclops
Aim: a cyclops (lightly wounded, lightly drained, immune to nets)
Okay, then.
Unknown command.
You hit the cyclops.
The cyclops is moderately wounded.
The cyclops hits you!
You die...

##################
#.........†.C@(..#
#.#####.##.#####.#
#.##.# #.#
#####.##O### #.#
.#..........###..
..................
#.#.....C%..####.##
#.##..##..# #.#
.......##..#


You could see a cyclops.

Vanquished Creatures
  Gastronok (D:10)
  2 two-headed ogres
  A deep elf mage (D:10)
  An ugly thing (D:11)
  A kobold demonologist (D:11)
  2 trolls
  A tengu conjurer (D:10)
  A polar bear (D:9)
  A queen bee (D:10)
  2 hippogriffs
  A shadow (D:11)
  2 spriggans (D:9)
  A vampire (D:11)
  A water moccasin (D:11)
  2 porcupines (D:11)
  4 orc warriors
  A sky beast (D:9)
  3 ice beasts
  4 black bears
  4 ogres
  A necrophage (D:11)
  An eye of draining (D:11)
  A phantom (D:6)
  5 centaurs
  A crocodile (D:11)
  8 bullfrogs
  8 big kobolds
  A wyvern skeleton (D:10)
  4 scorpions
  28 killer bees (D:10)
  2 howler monkeys (D:11)
  A bullfrog zombie (D:7)
  2 centaur zombies
  6 crimson imps
  3 quasits
  4 hounds
  2 jellies
  4 orc priests
  4 centaur skeletons
  An iron imp (D:7)
  2 bullfrog skeletons
  5 iguanas
  Natasha (thrice) (D:3)
  16 orc wizards
  6 worker ants
  A hound zombie (D:8)
  3 hound skeletons
  5 gnolls
  2 worker ant zombies
  7 adders
  A shadow imp (D:12)
  An ooze (D:5)
  An adder zombie (D:8)
  An adder skeleton (D:4)
  A worm (D:3)
  A dart slug (D:4)
  5 leopard geckos
  39 orcs
  2 ball pythons
  3 giant cockroaches
  4 goblins
  9 hobgoblins
  46 kobolds
  4 quokkas
  A bat (D:2)
  A frilled lizard (D:1)
  A goblin skeleton (D:7)
  2 goblin zombies (D:7)
  3 hobgoblin zombies (D:7)
  A kobold zombie (D:7)
  2 leopard gecko skeletons
  A leopard gecko zombie (D:8)
  2 orc skeletons (D:7)
  2 orc zombies (D:7)
  4 rats
  A plant (D:10)
312 creatures vanquished.

Vanquished Creatures (others)
  38 fungi
  10 plants
48 creatures vanquished.

Grand Total: 360 creatures vanquished

Notes
Turn   | Place    | Note
-------+----------+-------------------------------------------
     0 | D:1      | Lanoc the Draconian Gladiator began the quest for the Orb.
     0 | D:1      | Reached XP level 1. HP: 17/17 MP: 1/1
   258 | D:1      | Reached XP level 2. HP: 19/25 MP: 2/2
   541 | D:2      | Found a blossoming altar of Fedhas.
   610 | D:3      | Noticed Natasha
   622 | D:3      | Noticed a crimson imp
   622 | D:3      | Killed Natasha
   622 | D:3      | Reached XP level 3. HP: 16/30 MP: 3/3
   809 | D:3      | Reached skill level 4 in Axes
   856 | D:3      | Noticed Natasha
   865 | D:3      | Killed Natasha
   865 | D:3      | Reached XP level 4. HP: 28/38 MP: 4/4
  1041 | D:3      | Noticed a big kobold
  1057 | D:3      | Killed a big kobold
  1057 | D:3      | Reached XP level 5. HP: 30/45 MP: 5/5
  1157 | D:3      | Noticed Natasha
  1169 | D:3      | Killed Natasha
  1265 | D:3      | Reached skill level 5 in Axes
  1265 | D:3      | Reached XP level 6. HP: 22/52 MP: 6/6
  1520 | D:3      | Reached skill level 6 in Axes
  1553 | D:3      | Your scales start taking on an icy white colour.
  1553 | D:3      | Reached XP level 7. HP: 52/60 MP: 7/7
  1553 | D:3      | Gained mutation: Your flesh is cold resistant. (rC+) [White
                  | Draconian growth]
  2362 | D:4      | Found a staircase to the Ecumenical Temple.
  2371 | Temple   | Entered the Ecumenical Temple
  2476 | Temple   | Became a worshipper of Uskayaw the Reveler
  3001 | D:4      | Reached skill level 5 in Fighting
  3010 | D:4      | Found a sparkling altar of Nemelex Xobeh.
  3165 | D:5      | Entered Level 5 of the Dungeon
  3181 | D:5      | Reached * piety under Uskayaw
  3197 | D:5      | Reached ** piety under Uskayaw
  3201 | D:5      | Reached *** piety under Uskayaw
  3322 | D:5      | Reached skill level 1 in Invocations
  3322 | D:5      | Reached **** piety under Uskayaw
  3323 | D:5      | Reached skill level 7 in Axes
  3349 | D:5      | HP: 3/61 [poisoned by an orc wizard]
  3356 | D:5      | HP: 3/61 [poisoned by an orc wizard]
  3364 | D:5      | HP: 2/61 [poisoned by an orc wizard]
  3693 | D:5      | Reached XP level 8. HP: 64/69 MP: 9/9
  4078 | D:6      | Reached skill level 5 in Dodging
  4349 | D:6      | Reached skill level 1 in Shields
  4730 | D:6      | Found a runed translucent gate.
  4730 | D:6      | Found a runed translucent gate.
  4731 | D:6      | Found a runed translucent gate.
  4732 | D:6      | Noticed Amnesiac's ghost (novice HuWn)
  4733 | D:6      | Noticed PeterLawrence's ghost (novice MiFi)
  4733 | D:6      | Noticed Borbor's ghost (novice MiBe)
  4739 | D:6      | Noticed Ohm's ghost (novice CeAM)
  4786 | D:6      | Reached ***** piety under Uskayaw
  4962 | D:6      | Reached skill level 8 in Axes
  5392 | D:6      | Reached XP level 9. HP: 77/77 MP: 11/11
  6011 | D:7      | Found a glowing golden altar of the Shining One.
  6448 | D:8      | Noticed a two-headed ogre
  6463 | D:8      | Killed a two-headed ogre
  6463 | D:8      | Reached skill level 9 in Axes
  6710 | D:8      | Found a glowing golden altar of the Shining One.
  6825 | D:8      | Reached skill level 5 in Invocations
  7246 | D:9      | Reached XP level 10. HP: 74/86 MP: 13/13
  7512 | D:9      | Found Enezic's Assorted Antiques.
  7521 | D:9      | Bought a scroll labeled ANUZAE FUDYMM for 25 gold pieces
  7521 | D:9      | Bought a scroll labeled LOIMUA MASIAM for 25 gold pieces
  7648 | D:9      | Found a runed translucent door.
  7649 | D:9      | Noticed Yorgos's ghost (novice DsAK)
  7650 | D:9      | Identified the +9 spear of Honour {drain, MP+9 Dex+5}
  7862 | D:9      | Gained mutation: Your muscles are strong. (Str +2) [potion
                  | of mutation]
  7862 | D:9      | Gained mutation: You expend magic power (3 MP) to
                  | strengthen your wands. [potion of mutation]
  8150 | D:10     | Entered Level 10 of the Dungeon
  8157 | D:10     | Noticed Gastronok
  8178 | D:10     | Killed Gastronok
  8178 | D:10     | Reached skill level 10 in Axes
  8711 | D:10     | Reached skill level 11 in Axes
  8751 | D:10     | Reached ****** piety under Uskayaw
  8758 | D:10     | Reached XP level 11. HP: 39/95 MP: 16/16
  9059 | D:10     | Noticed a deep elf mage
  9268 | D:10     | Killed a deep elf mage
 10473 | D:11     | Noticed a red ugly thing
 10490 | D:11     | Killed a red ugly thing
 10516 | D:11     | Noticed a sun demon
 10811 | D:11     | Reached skill level 12 in Axes
 10826 | D:11     | Found a staircase to the Lair.
 11330 | D:12     | Noticed a two-headed ogre
 11336 | D:12     | Noticed an ogre mage
 11337 | D:12     | Noticed a two-headed ogre
 11599 | D:12     | Noticed a two-headed ogre
 11619 | D:12     | Killed a two-headed ogre
 11627 | D:12     | Mangled by a cyclops

Levels and vault maps discovered:
D:1:      wander_arrival_lonely_grave, layout_rooms, serial_co_window_serial,
          co_window_of_opportunity_a, co_window_corner_a,
          co_window_of_opportunity_a, co_window_paths_b, co_window_paths_b,
          co_window_paths_a, co_window_paths_a, co_window_paths_b,
          co_window_corner_a, co_window_2corner, co_window_broadway_b,
          co_window_2corner, glass_columns_a, glass_columns_a
D:2:      layout_rooms, overflow_temple_1_default, first_ration,
          kennysheep_generic_room_16
D:3:      minmay_goblin_kobold_castle, layout_basic, uniq_natasha
D:4:      layout_layer_cave, minmay_temple_entry_tees,
          nemelex_spade_bored_becter
D:5:      layout_cave_pools
D:6:      layout_gridville, gammafunk_ghost_cemetery, corexii_hall_statues_x,
          kb_lookout_dungeons_type
D:7:      layout_basic, nicolae_tso_besieged_by_evil
D:8:      layout_loops_ring, basic_altar
D:9:      layout_loops_ring, ebering_ghost_funeral_grove, serial_shops,
          nicolae_shop_overgrown_old_shop
D:10:     layout_rooms, special_room [special_room_bee], grunt_tengu_nest,
          nrook_uturn, uniq_gastronok
D:11:     layout_roguey, due_lair_maze_entry_diamond, serial_curves,
          eino_curves_01, eino_curves_02, minmay_misc_feat_secret_circle
D:12:     minmay_the_grid_four_pointed_star
          [minmay_the_grid_triangle_9x9_thin_v,
          minmay_the_grid_triangle_9x9_tough_junction,
          minmay_the_grid_triangle_9x9_cache,
          minmay_the_grid_triangle_9x9_empty, minmay_the_grid_prize_big_room],
          layout_loops_ring, serial_shops, shop,
          minmay_fractal_squares_gapless_7
Temple:   regret_index_temple_sigil_plot

Skill      XL: |  1  2  3  4  5  6  7  8  9 10 11 |
---------------+----------------------------------+-----
Dodging        | 3 4 5 6 7 8 |  8.3
Axes           | 4 5 6 7 8 9 11 12 | 12.2
Fighting       | 3 4 5 6 7 8 9 |  9.6
Invocations    | 1 3 5 6 8 |  8.1
Shields        | 2 4 |  4.0
Throwing       | |  1.7

Action                   |  1- 3 |  4- 6 |  7- 9 | 10-12 || total
-------------------------+-------+-------+-------+-------++-------
Melee: War axe           |    71 |    90 |   403 |   295 ||   859
       Tailslap          |     6 |    10 |    63 |    53 ||   132
       Spear             |       |       |       |   132 ||   132
Throw: Throwing net      |       |       |       |     1 ||     1
 Abil: Breathe Frost     |       |       |     6 |       ||     6
       Evoke Flight      |       |       |     1 |       ||     1
Evoke: Wand              |       |       |       |    14 ||    14
  Use: Potion            |     2 |     2 |       |    19 ||    23
       Scroll            |     4 |       |       |     4 ||     8
 Stab: Sleeping          |     1 |       |     2 |     2 ||     5
       Paralysed         |       |       |    36 |    25 ||    61
  Eat: Chunk             |       |     2 |    17 |     6 ||    25
       Ration            |       |       |     1 |     2 ||     3
Armor: Skin              |    15 |    28 |   103 |    86 ||   232
Dodge: Dodged            |    67 |    85 |   311 |   300 ||   763
Block: Buckler           |       |       |    61 |   107 ||   168

Table legend:
 A = Non-vault XP
 B = Vault XP
 C = Vault XP percentage of total XP
 D = Non-vault monster count
 E = Vault monster count
 F = Vault count percentage of total count
                 A         B        C        D         E       F
            +---------+---------+-------+---------+---------+-------
      Total |   11332 |    7687 |  40.4 |     209 |     102 |  32.8
            +---------+---------+-------+---------+---------+-------
        D:1 |      18 |       0 |   0.0 |      10 |       0 |   0.0
        D:2 |      10 |       0 |   0.0 |       6 |       0 |   0.0
        D:3 |     101 |     810 |  88.9 |      16 |      50 |  75.8
        D:4 |      82 |       0 |   0.0 |       6 |       0 |   0.0
        D:5 |     467 |       0 |   0.0 |      21 |       0 |   0.0
        D:6 |    1480 |     115 |   7.2 |      37 |       1 |   2.6
        D:7 |     524 |      50 |   8.7 |      12 |      12 |  50.0
        D:8 |    1606 |       0 |   0.0 |      24 |       0 |   0.0
        D:9 |    1009 |     871 |  46.3 |      23 |       4 |  14.8
       D:10 |    2275 |    4091 |  64.3 |      32 |      22 |  40.7
       D:11 |    2699 |    1668 |  38.2 |      18 |      11 |  37.9
       D:12 |    1061 |      82 |   7.2 |       4 |       2 |  33.3
            +---------+---------+-------+---------+---------+-------
